 Dungeon Crawl Stone Soup version 0.21.1-1-g345015f (webtiles) character file.

3 Monsterracer the Vexing (level 1, 0/7 HPs)
             Began as a Felid Enchanter on Feb 6, 2018.
             Slain by a hobgoblin
             ... wielding a +0 club
              (7 damage)
             ... on level 1 of the Dungeon.
             The game lasted 00:00:32 (402 turns).

Monsterracer the Vexing (Felid Enchanter)            Turns: 402, Time: 00:00:32

Health: 0/7        AC:  1    Str:  4    XL:     1   Next: 41%
Magic:  4/4        EV: 23    Int: 16    God:
Gold:   76         SH:  0    Dex: 16    Spells: 3/4 levels left
                                        Lives:  0   Deaths: 0

rFire    . . .     SeeInvis +     - Unarmed
rCold    . . .     Gourm    .   (shield unavailable)
rNeg     . . .     Faith    .   (armour unavailable)
rPois    .         Spirit   .   (helmet unavailable)
rElec    .         Reflect  .   (cloak unavailable)
rCorr    .         Harm     .   (gloves unavailable)
MR       .....                  (boots unavailable)
Stlth    +++.......             (no amulet)
HPRegen  0.02/turn              e - +5 ring of evasion
MPRegen  0.09/turn              (no ring)

@: quick
A: very small, no armour, no weapons or thrown items, stealth, claws 1, fangs 3,
see invisible, carnivore, speed 1, shaggy fur 1, slow metabolism 1, sharp paws
a: no special abilities


You were on level 1 of the Dungeon.
You were not hungry.

You visited 1 branch of the dungeon, and saw 1 of its levels.

You collected 76 gold pieces.

Inventory:

Jewellery
 e - a +5 ring of evasion (left paw)
Scrolls
 b - a scroll of remove curse {unknown}
 f - a scroll of identify {unknown}
Potions
 d - a potion of lignification {unknown}
Books
 a - a book of Maledictions

   Spells                             Type                      Level
   a - Corona                         Hexes                        1
   b - Ensorcelled Hibernation        Hexes/Ice                    2
   c - Confuse                        Hexes                        3
   d - Tukima's Dance                 Hexes                        3
   e - Dazzling Spray                 Conjuration/Hexes            3
Comestibles
 c - 2 rations


   Skills:
 - Level 2.6 Dodging
 * Level 4.1 Stealth
 * Level 1.2 Unarmed Combat
 - Level 2.0 Spellcasting
 + Level 4.4 Hexes


You had 3 spell levels left.
You knew the following spells:

 Your Spells              Type           Power        Failure   Level  Hunger
a - Corona                Hex            ###....      3%          1    #......


Dungeon Overview and Level Annotations

Branches:
Dungeon (1/15)

Altars:


Innate Abilities, Weirdness & Mutations

You cannot wear armour.
You are incapable of wielding weapons or throwing items.
Your paws allow you to move quietly. (Stealth)
You have sharp claws.
You have razor-sharp teeth.
You have supernaturally acute eyesight. (SInv)
You are carnivorous and can eat meat at any time.
You cover ground quickly.
You are covered in fur. (AC +1)
You have a slow metabolism.
Your sharp claws are effective at attacking unaware monsters.


Message History

c - a ration Welcome, Monsterracer the Felid Enchanter.
It is said that the Orb of Zot exists deep within this dungeon.
Press ? for a list of commands and other information.
Found a staircase leading out of the dungeon.
There is a fountain of clear blue water here.
You open the large door.
Found an escape hatch in the floor.
There is a large open door here.
There is a large open door here.
b - a scroll labeled LYEPSIU OQEO
c - 2 rations (gained 1)
Found 2 needles of paralysis.
You now have 13 gold pieces.
A goblin comes into view. It is wielding a dagger.
The goblin shouts!
Found 12 gold pieces.
Found 15 gold pieces.
Found a scale mail.
You closely miss the goblin. The goblin closely misses you.
You scratch the goblin.
The goblin is moderately wounded.
The goblin hits you with a dagger.
You take 3 damage, and have 4/7 hp.
MASSIVE DAMAGE!!
You are too injured to fight recklessly!
You are too injured to fight recklessly!
You scratch the goblin.
You kill the goblin!
Things that are here:
a dagger; a goblin corpse Key pressed, stopping explore.
Key pressed, stopping explore.
A rat comes into view.
A rat is nearby!
You are too injured to fight recklessly!
You are too injured to fight recklessly!
You are too injured to fight recklessly!
Found 3 gold pieces.
The rat bites you.
You take 1 damage, and have 4/7 hp.
You scratch the rat.
The rat is moderately wounded.
The rat closely misses you.
You scratch the rat.
You kill the rat!
A goblin comes into view. It is wielding a club.
Found 15 gold pieces.
You see here a rat corpse.
You butcher the rat corpse.
You see here a chunk of flesh.
Things that are here:
a dagger; a goblin corpse
d - a blue potion
e - a steel ring Inscribe which item? (? for menu, Esc to quit)
Inscribe with what?
Okay, then.
Put on which piece of jewellery? (? for menu, Esc to quit)
e - a +5 ring of evasion (left paw)
You start resting.
HP restored.
Health restored: 7 You see here a chunk of flesh.
The goblin shouts!
You miss the goblin. You scratch the goblin.
The goblin is heavily wounded.
The goblin completely misses you.
You closely miss the goblin.
The goblin is heavily wounded.
The goblin misses you.
You scratch the goblin.
The goblin is severely wounded.
The goblin barely misses you.
You scratch the goblin.
You kill the goblin!
You see here a club.
You now have 16 gold pieces (gained 3).
You now have 31 gold pieces (gained 15).
You now have 46 gold pieces (gained 15).
f - a chunk of flesh Eating a chunk of flesh.
You eat the chunk of flesh.
This raw flesh tastes great.
Things that are here:
a dagger; a goblin skeleton You now have 58 gold pieces (gained 12).
Key pressed, stopping explore.
You now have 63 gold pieces (gained 5).
You now have 76 gold pieces (gained 13).
f - a scroll labeled JASMEO MEFF A hobgoblin comes into view.
It is wielding a club.
The hobgoblin shouts!
Found 30 sling bullets.
The hobgoblin hits you with a club!
Ouch! That really hurt!
You die...

#......#####.#..##...##.#......
#........# #.#.....8....#......
#......#.# #.#...########
##.#####.# #.#.### #.#
#.###.#.####### #.#
#.....#........
#.###########........
#....................
#############@..=.... #g.......
#........ #........ #...#####
#...# #(..# #...#


You could see a hobgoblin.

Vanquished Creatures
  2 goblins (D:1)
  A rat (D:1)
3 creatures vanquished.

Notes
Turn   | Place    | Note
-------+----------+-------------------------------------------
     0 | D:1      | Monsterracer the Felid Enchanter began the quest for the Orb.
     0 | D:1      | Reached XP level 1. HP: 7/7 MP: 4/4
   402 | D:1      | Slain by a hobgoblin

Action                   || total
-------------------------++-------
Melee: Unarmed           ||    10
  Eat: Chunk             ||     1
Dodge: Dodged            ||     5

Vault maps used:
D:1:      grunt_arrival_crossed_arrows
